 Dungeon Crawl Stone Soup version 0.26.0-45-g9c1d065592 (webtiles) character file.

Game seed: 9830705653156104802

702 trckry the Vandal (level 7, -4/57 HPs)
             Began as a Ghoul Hunter on Jan 29, 2021.
             Slain by a sky beast (6 damage)
             ... on level 5 of the Dungeon.
             The game lasted 00:09:59 (5310 turns).

trckry the Vandal (Ghoul Hunter)                    Turns: 5310, Time: 00:10:00

Health: -4/57      AC:  4    Str: 18    XL:     7   Next: 66%
Magic:  7/7        EV: 12    Int:  6    God:
Gold:   140        SH:  0    Dex:  9    Spells: 6/6 levels left

rFire    . . .     SeeInvis .   b - +1 dagger (venom)
rCold    + . .     Faith    .   (no shield)
rNeg     + + +     Spirit   .   c - +0 leather armour
rPois    ∞         Reflect  .   (no helmet)
rElec    .         Harm     .   (no cloak)
rCorr    .         Rampage  .   (no gloves)
Will     +....                  x - +0 pair of boots
Stlth    +.........             (no amulet)
HPRegen  0.00/turn              t - ring of willpower
MPRegen  0.10/turn              (no ring)

@: no status effects
A: claws 1, cold resistance 1, negative energy resistance 3, inhibited
regeneration, torment resistance, unbreathing
a: no special abilities


You were on level 5 of the Dungeon.
You visited 1 branch of the dungeon, and saw 5 of its levels.

You collected 140 gold pieces.

Inventory:

Hand Weapons
 a - a +1 hunting sling
 b - a +1 dagger of venom (weapon)
Missiles
 d - 35 sling bullets
 h - 207 stones
 s - 30 poisoned darts (quivered)
Armour
 c - a +0 leather armour (worn)
 x - a +0 pair of boots (worn)
Jewellery
 t - a ring of willpower (left claw)
Wands
 v - a wand of acid (14)
 z - a wand of iceblast (2)
 A - a wand of flame (20)
Scrolls
 f - 3 scrolls of fear {unknown}
 i - 4 scrolls of identify {unknown}
 k - 2 scrolls of remove curse {unknown}
 l - a scroll of amnesia {unknown}
 n - a scroll of random uselessness {unknown}
 o - 2 scrolls of teleportation {unknown}
 p - a scroll of enchant armour {unknown}
 w - 2 scrolls of fog {unknown}
 y - a scroll of immolation {unknown}
Potions
 e - a potion of berserk rage {unknown}
 g - a potion of magic {unknown}
 j - 2 potions of degeneration {unknown}
 m - a potion of lignification {unknown}
 q - a potion of heal wounds {unknown}
 r - 2 potions of resistance {unknown}
 u - a potion of haste {unknown}
 B - 2 potions of curing {unknown}


   Skills:
 + Level 3.4 Fighting
 * Level 2.9 Maces & Flails
 * Level 4.9 Slings
 + Level 2.0 Armour
 + Level 2.9 Dodging
 - Level 1.1 Stealth
 + Level 1.9 Shields
 + Level 2.5 Invocations
 + Level 2.0 Evocations


You had 6 spell levels left.
You didn't know any spells.
Your spell library was empty.

Dungeon Overview and Level Annotations

Branches:
Dungeon (5/15)             Temple (0/1) D:4

Altars:
Lugonu

Portals:
Abyss: D:3

Annotations:
D:4 2 transporters, XxsatanxX's ghost, amateur DDFi


Innate Abilities, Weirdness & Mutations

You thrive by killing the living.
You are immune to poison.
You have sharp fingernails.
Your flesh is cold resistant. (rC+)
You are immune to negative energy. (rN+++)
You do not regenerate when monsters are visible.
You are immune to unholy pain and torment.
You can survive without breathing.


Message History

The jackal bites you but does no damage. x2
You hit the jackal.
You kill the jackal!
No target in view!
No target in view!
You miss something. Something hits you. Something shocks you.
You hit something. Something hits you. Something shocks you.
You hit something. Something hits you. Something shocks you.
You hit something but do no damage. Something hits you. Something shocks you.
You barely miss something. Something hits you. Something shocks you.
You miss something. Something hits you. Something shocks you.
* * * LOW HITPOINT WARNING * * *
You closely miss something. Something hits you.
* * * LOW HITPOINT WARNING * * *
Something shocks you.
* * * LOW HITPOINT WARNING * * *
You completely miss something. Something hits you.
* * * LOW HITPOINT WARNING * * *
Something shocks you.
You die...

.######
.......#############
#.....<....{@.....#
#.##......#######.#
#.....†.......
#...##.#####..
#.####... ... ..###
.##. #.# . #. #.#
#)#


There were no monsters in sight!

Vanquished Creatures
  An ice beast (D:3)
  A black bear (D:3)
  2 ogres (D:4)
  A howler monkey (D:4)
  A hound (D:4)
  An iguana (D:4)
  Ijyb (D:4)
  Robin (D:2)
  3 gnolls (D:4)
  9 adders
  A worm (D:2)
  4 leopard geckos
  An orc (D:3)
  5 giant cockroaches
  17 goblins
  16 hobgoblins
  6 jackals
  5 quokkas
  A ball python (D:1)
  9 bats
  7 frilled lizards
  5 kobolds
  4 rats
  A lurking horror (D:3)
103 creatures vanquished.

Notes
Turn   | Place    | Note
-------+----------+-------------------------------------------
     0 | D:1      | trckry the Ghoul Hunter began the quest for the Orb.
     0 | D:1      | Reached XP level 1. HP: 17/17 MP: 0/0
   332 | D:1      | HP: 2/17 [goblin (1)]
   671 | D:1      | Reached XP level 2. HP: 22/24 MP: 1/1
  1059 | D:1      | Reached XP level 3. HP: 30/30 MP: 2/2
  1774 | D:2      | Reached skill level 1 in Maces & Flails
  2052 | D:2      | Reached skill level 1 in Invocations
  2052 | D:2      | Reached XP level 4. HP: 37/37 MP: 3/3
  2129 | D:2      | Reached skill level 4 in Slings
  2288 | D:2      | Noticed Robin
  2306 | D:2      | Killed Robin
  2307 | D:2      | Reached skill level 1 in Armour
  2307 | D:2      | Reached skill level 1 in Shields
  2307 | D:2      | Reached skill level 1 in Evocations
  2607 | D:3      | Found a one-way gate to the infinite horrors of the Abyss.
  2619 | D:3      | Reached XP level 5. HP: 38/42 MP: 4/4
  2642 | D:3      | Found a corrupted altar of Lugonu.
  2797 | D:3      | Noticed a black bear
  2834 | D:3      | Killed a black bear
  2939 | D:3      | Noticed an ice beast
  2957 | D:3      | Killed an ice beast
  2958 | D:3      | Reached XP level 6. HP: 28/51 MP: 6/6
  3758 | D:4      | Reached XP level 7. HP: 50/57 MP: 7/7
  3835 | D:4      | Found a transporter.
  3835 | D:4      | Noticed XxsatanxX's ghost (amateur DDFi)
  3851 | D:4      | Found a transporter.
  4436 | D:4      | Noticed Ijyb
  4446 | D:4      | Killed Ijyb
  5160 | D:4      | Found a staircase to the Ecumenical Temple.
  5286 | D:5      | Entered Level 5 of the Dungeon
  5309 | D:5      | HP: 3/57 [something (6)]
  5310 | D:5      | Slain by a sky beast

Illustrated notes

Levels and vault maps discovered:
D:1:      dpeg_arrival_court, layout_loops_ring, corexii_corridor_pit
D:2:      layout_loops_corners, uniq_robin
D:3:      layout_basic, amcnicky_altar_lugonu_corruption
D:4:      layout_loops_ring, minmay_temple_entry_from_below_b,
          gammafunk_ghost_stat_death, uniq_ijyb
D:5:      layout_loops_ring

Skill      XL: |  1  2  3  4  5  6  7 |
---------------+----------------------+-----
Dodging        | 2 |  2.9
Maces & Flails | 1 2 |  2.9
Invocations    | 1 2 |  2.5
Slings         | 4 |  4.9
Armour         | 1 2 |  2.0
Shields        | 1 |  1.9
Evocations     | 1 2 |  2.0
Fighting       | 3 |  3.4
Stealth        | |  1.1

Action                   |  1- 3 |  4- 6 |  7- 9 || total
-------------------------+-------+-------+-------++-------
Melee: Short sword       |   114 |       |       ||   114
       Dagger            |       |       |    61 ||    61
 Fire: Hunting sling     |    52 |   177 |       ||   229
Throw: Dart              |       |    17 |     1 ||    18
Evoke: Wand              |       |       |     2 ||     2
 Stab: Sleeping          |     1 |       |     1 ||     2
Armor: Leather armour    |    42 |    27 |    10 ||    79
Dodge: Dodged            |   107 |    80 |    23 ||   210
